 Dungeon Crawl Stone Soup version 0.20-a0-286-gae82e34 (webtiles) character file.

35 Junicave the Digger (level 3, -1/19 HPs)
             Began as a Gargoyle Earth Elementalist on Dec 14, 2016.
             Slain by a gnoll
             ... wielding a +0 whip
              (7 damage)
             ... on level 1 of the Dungeon.
             The game lasted 00:05:19 (3156 turns).

Junicave the Digger (Gargoyle Earth Elementalist)   Turns: 3156, Time: 00:05:19

Health: -1/19      AC:  5    Str: 11    XL:     3   Next: 33%
Magic:  3/7        EV: 12    Int: 16    God:
Gold:   41         SH:  0    Dex: 12    Spells: 4/8 levels left

rFire  . . .     SeeInvis .     f - +0 dagger
rCold  . . .     Gourm    .     c - +0 robe
rNeg   + . .     Faith    .     (no shield)
rPois  ∞         Spirit   .     (no helmet)
rElec  +         Reflect  .     (no cloak)
rCorr  .         Harm     .     (no gloves)
MR     .....                    (no boots)
Stlth  ++........               (no amulet)
                                (no ring)
                                i - +2 ring of dexterity

@: very slightly contaminated
A: negative energy resistance 1, electricity resistance, unbreathing,
petrification resistance, rot immunity, AC +3
a: no special abilities


You were on level 1 of the Dungeon.
You were not hungry.

You visited 1 branch of the dungeon, and saw 2 of its levels.

You collected 41 gold pieces.

Inventory:

Hand Weapons
 f - a +0 dagger (weapon)
Missiles
 b - 59 stones (quivered)
Armour
 c - a +0 robe (worn)
Jewellery
 i - a +2 ring of dexterity (left hand)
Scrolls
 j - a scroll of identify {unknown}
Potions
 g - a potion of degeneration {unknown}
 h - a potion of cure mutation {unknown}
Books
 e - a book of Geomancy

   Spells                             Type                      Level
   a - Sandblast                      Earth                        1
   b - Passwall                       Transmutation/Earth          2
   c - Stone Arrow                    Conjuration/Earth            3
   d - Petrify                        Transmutation/Earth          4
   e - Lee's Rapid Deconstruction     Earth                        5
Comestibles
 a - a chunk of flesh
 d - 3 bread rations
 k - a fruit


   Skills:
 - Level 1.5 Dodging
 - Level 2.1 Stealth
 * Level 3.2 Spellcasting
 + Level 0.2 Conjurations
   Level 0.7 Transmutations
 + Level 3.9 Earth Magic


You had 4 spell levels left.
You knew the following spells:

 Your Spells              Type           Power        Failure   Level  Hunger
a - Sandblast             Erth           ###...       4%          1    None
b - Stone Arrow           Conj/Erth      #.....       28%         3    ###....


Dungeon Overview and Level Annotations

Branches:
Dungeon (2/15)

Altars:


Innate Abilities, Weirdness & Mutations

You are resistant to torment.
Your stone body is resilient. (AC +3)
You are immune to poison.
You resist negative energy. (rN+)
You are resistant to electric shocks. (rElec)
You can survive without breathing.
You are immune to petrification.
You are immune to rotting.


Message History

The gnoll misses you.
You climb upwards.
There is a stone staircase leading down here.
Casting: Stone Arrow
Confirm with . or Enter, or press ? or * to list all spells.
Aiming: Sandblast
Press: ? - help, Shift-Dir - straight line, f - gnoll
Aim: a gnoll, wielding a whip The blast of sand hits the gnoll.
The gnoll is moderately wounded.
The gnoll hits you with a whip!
Casting: Sandblast
Confirm with . or Enter, or press ? or * to list all spells.
Aiming: Stone Arrow
Press: ? - help, Shift-Dir - straight line, f/p - gnoll
Aim: a gnoll, wielding a whip (moderately wounded)
You miscast Stone Arrow.
You are very lightly contaminated with residual magic.
Your skin tingles.
The gnoll hits you with a whip!
You die...

.........# #.# #.#
#####.##.######.# #.#
..###.##.....>..#######.#
...##...................#
...#####.################
##.# #.# ##.#####.##
.#........##########
.#.........)...g@..#
..........########.#
.#........# #.#
.##.......# #.#
..#.......########.###
#.#..................##
#.####.#.###########..#
#.# #.#.# ##.# #.# #.#.#
#.#


You could see a gnoll.

Vanquished Creatures
  A worm (D:2)
  2 leopard geckos (D:1)
  4 bats (D:1)
  A giant cockroach (D:1)
  3 goblins (D:1)
  3 hobgoblins (D:1)
  4 jackals (D:1)
  4 kobolds (D:1)
  A frilled lizard (D:1)
  4 rats (D:1)
27 creatures vanquished.

Notes
Turn   | Place    | Note
-------+----------+-------------------------------------------
     0 | D:1      | Junicave the Gargoyle Earth Elementalist began the quest for the Orb.
     0 | D:1      | Reached XP level 1. HP: 10/10 MP: 3/3
   280 | D:1      | Reached XP level 2. HP: 11/15 MP: 1/5
  1443 | D:1      | Reached XP level 3. HP: 19/19 MP: 4/7
  1448 | D:1      | Learned a level 3 spell: Stone Arrow
  3156 | D:1      | Slain by a gnoll

Vault maps used:
D:1:      kennysheep_arrival_seaside
D:2:      gammafunk_temple_overflow_wave, serial_forest,
          infiniplex_forest_clump_curved, infiniplex_forest_clump_double,
          infiniplex_forest_end_2, infiniplex_forest_side_room,
          infiniplex_forest_lined_2, infiniplex_forest_zigzag_2,
          infiniplex_forest_straight_2, infiniplex_forest_corner_2,
          infiniplex_forest_lined_2, first_bread

Skill      XL: |  1  2 |
---------------+-------+-----
Spellcasting   | 3 |  3.2
Dodging        | |  1.5
Stealth        | |  2.1
Conjurations   | |  0.2
Transmutations | |  0.7
Earth Magic    | |  3.9

Action                   || total
-------------------------++-------
Melee: Dagger            ||    94
       Unarmed           ||     3
 Cast: Sandblast         ||    25
       Stone Arrow       ||     2
 Stab: Sleeping          ||     2
  Eat: Chunk             ||     4
       Fruit             ||     4
Armor: Robe              ||    45
Dodge: Dodged            ||    85
